 Dungeon Crawl Stone Soup version 0.31-a0-149-g3fdcc5976a (webtiles) character file.

Game seed: 18242574099687826881

502 qw the Skirmisher (level 6, 0/52 HPs)
             Began as a Minotaur Hunter on June 7, 2023.
             Was an Initiate of Okawaru.
             Slain by Pikel
             ... wielding a +2 whip of freezing
              (3 damage)
             ... on level 5 of the Dungeon.
             The game lasted 00:01:44 (4053 turns).

qw the Skirmisher (Minotaur Hunter)                 Turns: 4053, Time: 00:01:45

Health: 0/52       AC:  7    Str: 15    XL:     6   Next: 95%
Magic:  4/5        EV: 11    Int:  6    God:    Okawaru [......]
Gold:   53         SH:  0    Dex: 16    Spells: 5/5 levels left

rFire   . . .        Y - +0 shortbow
rCold   . . .        (shield currently unavailable)
rNeg    . . .        m - +0 ring mail
rPois   +            (helmet restricted)
rElec   .            j - +0 cloak {rPois}
rCorr   .            b - +1 pair of gloves
SInv    +            l - +0 pair of boots
Will    +....        (no amulet)
Stlth   +            h - ring of see invisible
HPRegen 0.28/turn    c - ring of willpower
MPRegen 0.09/turn

%: no passive effects
@: no status effects
A: horns 2, retaliatory headbutt, deformed body, MP-powered wands
a: Renounce Religion


You were on level 5 of the Dungeon.
You worshipped Okawaru.
Okawaru was noncommittal.
You visited 2 branches of the dungeon, and saw 6 of its levels.

You collected 123 gold pieces.
You spent 70 gold pieces at shops.


Innate Abilities, Weirdness & Mutations

You have a pair of horns on your head.
You reflexively headbutt those who attack you in melee.
Armour fits poorly on your strangely shaped body.
You expend magic power (3 MP) to strengthen your wands.


   Skills:
 + Level 4.2 Fighting
 - Level 8.2 Ranged Weapons
 - Level 2.2 Armour
 - Level 2.1 Dodging
 - Level 0.7 Stealth


You had 5 spell levels left.
You didn't know any spells.
Your spell library was empty.

Inventory:

Hand Weapons
 Y - a +0 shortbow (weapon)
Armour
 b - a +1 pair of gloves (worn)
 j - a +0 cloak of poison resistance (worn)
 l - a +0 pair of boots (worn)
 m - a +0 ring mail (worn)
Jewellery
 c - a ring of willpower (right hand)
 h - a ring of see invisible (left hand)
 k - a ring of positive energy
Scrolls
 d - 4 scrolls of identify
Potions
 a - a potion of mutation
 e - a potion of attraction {unknown}
 f - a potion of might {unknown}
 g - a potion of cancellation

Dungeon Overview and Level Annotations

Branches:
Dungeon (5/15)             Temple (1/1) D:4

Altars:
Ashenzari
Cheibriados
Elyvilon
Kikubaaqudgha
Okawaru
Qazlal
Ru
Sif Muna
Trog
Uskayaw
Vehumet
Wu Jian
Xom
Yredelemnul
Zin
The Shining One

Shops:
D:5 !

Annotations:
D:5 Pikel


Message History

Pikel is lightly wounded.
Pikel zaps a wand.
The puff of flame misses you.
You shoot an arrow. The arrow hits Pikel.
Pikel is lightly wounded.
You shoot an arrow. The arrow closely misses Pikel.
You feel like a meek peon again.
You shoot an arrow. The arrow hits Pikel.
Pikel is lightly wounded.
Pikel barely misses you. You furiously retaliate!
You headbutt Pikel! You shoot an arrow. The arrow closely misses Pikel.
Pikel hits you with a +2 whip of freezing.
Pikel freezes you.
You shoot an arrow. The arrow hits Pikel.
Pikel is heavily wounded.
Pikel zaps a wand.
The puff of flame hits you!
You shoot an arrow. The arrow hits Pikel.
Pikel is severely wounded.
Pikel hits you with a +2 whip of freezing.
Pikel freezes you.
4049 ||| DRINKING potion of heal wounds.
You feel much better.
Pikel hits you with a +2 whip of freezing.
Pikel freezes you.
You shoot an arrow.
The arrow hits Pikel but does no damage.
Pikel is severely wounded.
Pikel hits you with a +2 whip of freezing!
Pikel freezes you.
You shoot an arrow.
The arrow hits Pikel but does no damage.
Pikel is severely wounded.
Pikel hits you with a +2 whip of freezing!
Pikel freezes you.
You shoot an arrow. The arrow hits Pikel.
Pikel is severely wounded.
Pikel zaps a wand.
The puff of flame hits you. Pikel misses you.
You shoot an arrow. The arrow closely misses Pikel.
Pikel hits you with a +2 whip of freezing!
Pikel freezes you.
You die...

#.# #.# #.#
#.# #.# #.#
..####### #.#
......... #.#
.#######. #.#
.# #.# .#
.##########.#
.#
......K@....#
.#
.############
## # ########
........
######## # #


You could see Pikel.

Vanquished Creatures
  Sigmund (D:3)
  An ogre (D:5)
  4 lemures (D:5)
  A phantom (D:4)
  A hound (D:4)
  A sleepcap (D:4)
  An iguana (D:5)
  4 adders
  A shadow imp (D:4)
  2 worms (D:3)
  3 dart slugs
  2 orcs (D:4)
  9 endoplasms
  4 giant cockroaches
  2 goblins
  7 hobgoblins
  3 quokkas
  6 ball pythons
  6 bats
  4 frilled lizards
  10 kobolds
  A rat (D:2)
74 creatures vanquished.

Notes
Turn   | Place    | Note
-------+----------+-------------------------------------------
     0 | D:1      | qw the Minotaur Hunter began the quest for the Orb.
     0 | D:1      | Reached XP level 1. HP: 18/18 MP: 0/0
     0 | D:1      | 0 ||| qw: Version: 0.2-a-117-gc6b5c8b
     0 | D:1      | 0 ||| qw: Game counter: 2629
     0 | D:1      | 0 ||| qw: Always use a shield: true
     0 | D:1      | 0 ||| qw: God list: Okawaru
     0 | D:1      | 0 ||| qw: Allow faded altars: false
     0 | D:1      | 0 ||| qw: Do Orc after D:15 true
     0 | D:1      | 0 ||| qw: Do second Lair branch before Depths: true
     0 | D:1      | 0 ||| qw: Lair rune preference: random
     0 | D:1      | 0 ||| qw: Plans: Normal
     0 | D:1      | 0 ||| PLANNING D:1-11
   249 | D:1      | Reached XP level 2. HP: 25/25 MP: 1/1
   295 | D:1      | Reached skill level 5 in Ranged Weapons
   405 | D:1      | Found a faded altar of an unknown god.
   496 | D:1      | Reached skill level 3 in Fighting
   718 | D:1      | 718 ||| UPGRADING to +0 pair of boots.
   723 | D:1      | 723 ||| UPGRADING to +0 ring mail.
   733 | D:1      | 733 ||| DROPPING +0 leather armour.
   734 | D:1      | 734 ||| UPGRADING to ring of see invisible.
   735 | D:1      | 735 ||| READING scroll labelled HIMEORI UK TEATEA.
   736 | D:1      | 736 ||| READING scroll labelled VUSHRO VUSOSO.
   737 | D:1      | 737 ||| READING scroll labelled HOLYOTHRIUHI.
   738 | D:1      | 738 ||| READING scroll labelled NAN GOCOYQU.
   741 | D:1      | 741 ||| READING scroll labelled AGEKOC GIDA.
   742 | D:1      | 742 ||| READING 2 scrolls labelled ERPHAW HECSOS.
   743 | D:1      | 743 ||| DRINKING 2 glowing green potions.
   744 | D:1      | 744 ||| DROPPING scroll of butterflies.
   745 | D:1      | 745 ||| DROPPING potion of enlightenment.
   746 | D:1      | 746 ||| DROPPING scroll of poison.
   748 | D:1      | 748 ||| Stepping ~*~*~tactically~*~*~ (cloud).
   754 | D:1      | HP: 6/26 [poisoned by you (poison gas)]
   916 | D:2      | Reached skill level 1 in Armour
   916 | D:2      | Reached XP level 3. HP: 30/31 MP: 2/2
   945 | D:2      | 945 ||| READING scroll labelled CUCWOO TEAPH.
   950 | D:2      | 950 ||| FLEEEEING.
   951 | D:2      | 951 ||| FLEEEEING.
   952 | D:2      | 952 ||| FLEEEEING.
   953 | D:2      | 953 ||| FLEEEEING.
   954 | D:2      | 954 ||| FLEEEEING.
   955 | D:2      | 955 ||| FLEEEEING.
   956 | D:2      | 956 ||| FLEEEEING.
   957 | D:2      | 957 ||| FLEEEEING.
   958 | D:2      | 958 ||| FLEEEEING.
   959 | D:2      | 959 ||| FLEEEEING.
   970 | D:2      | 970 ||| FLEEEEING.
   971 | D:2      | 971 ||| FLEEEEING.
   972 | D:2      | 972 ||| FLEEEEING.
   973 | D:2      | 973 ||| FLEEEEING.
   977 | D:2      | 977 ||| FLEEEEING.
   978 | D:2      | 978 ||| FLEEEEING.
   979 | D:2      | 979 ||| FLEEEEING.
   988 | D:2      | 988 ||| STAIRDANCE
   992 | D:2      | 992 ||| STAIRDANCE
   996 | D:2      | 996 ||| STAIRDANCE
  1015 | D:2      | 1015 ||| STAIRDANCE
  1019 | D:2      | 1019 ||| STAIRDANCE
  1023 | D:2      | 1023 ||| STAIRDANCE
  1027 | D:2      | 1027 ||| STAIRDANCE
  1031 | D:2      | 1031 ||| STAIRDANCE
  1035 | D:2      | 1035 ||| STAIRDANCE
  1039 | D:2      | 1039 ||| STAIRDANCE
  1043 | D:2      | 1043 ||| STAIRDANCE
  1047 | D:2      | 1047 ||| STAIRDANCE
  1051 | D:2      | 1051 ||| STAIRDANCE
  1055 | D:2      | 1055 ||| STAIRDANCE
  1059 | D:2      | 1059 ||| STAIRDANCE
  1063 | D:2      | 1063 ||| STAIRDANCE
  1067 | D:2      | 1067 ||| STAIRDANCE
  1071 | D:2      | 1071 ||| STAIRDANCE
  1075 | D:2      | 1075 ||| STAIRDANCE
  1079 | D:2      | 1079 ||| STAIRDANCE
  1646 | D:2      | 1646 ||| READING scroll labelled MUXTOUSOEQ.
  1700 | D:2      | 1700 ||| DRINKING 3 fuming brown potions.
  1743 | D:3      | Noticed Sigmund
  1744 | D:3      | 1744 ||| FLEEEEING.
  1745 | D:3      | 1745 ||| FLEEEEING.
  1746 | D:3      | 1746 ||| FLEEEEING.
  1747 | D:3      | 1747 ||| FLEEEEING.
  1751 | D:3      | 1751 ||| FLEEEEING.
  1752 | D:3      | 1752 ||| STAIRDANCE
  1795 | D:3      | 1795 ||| STAIRDANCE
  1835 | D:3      | 1835 ||| STAIRDANCE
  1869 | D:3      | 1869 ||| STAIRDANCE
  1871 | D:3      | 1871 ||| STAIRDANCE
  1873 | D:2      | 1873 ||| DRINKING 2 potions of curing.
  1873 | D:2      | 1873 ||| (to cure confusion)
  1876 | D:3      | 1876 ||| STAIRDANCE
  1919 | D:3      | 1919 ||| STAIRDANCE
  1921 | D:2      | 1921 ||| DRINKING potion of curing.
  1921 | D:2      | 1921 ||| (to cure confusion)
  1930 | D:3      | 1930 ||| STAIRDANCE
  1971 | D:3      | Killed Sigmund
  1972 | D:3      | Reached skill level 7 in Ranged Weapons
  1972 | D:3      | Reached XP level 4. HP: 38/38 MP: 3/3
  1972 | D:3      | Reached XP level 5. HP: 45/45 MP: 4/4
  2534 | D:3      | 2534 ||| UPGRADING to +0 pair of gloves.
  2539 | D:3      | 2539 ||| DRINKING 2 murky amethyst potions.
  2539 | D:3      | Gained mutation: Armour fits poorly on your strangely
                  | shaped body. [potion of mutation]
  2539 | D:3      | Gained mutation: You expend magic power (3 MP) to
                  | strengthen your wands. [potion of mutation]
  2559 | D:4      | Found a staircase to the Ecumenical Temple.
  2560 | D:4      | 2560 ||| PLANNING TEMPLE
  2572 | Temple   | Entered the Ecumenical Temple
  2576 | Temple   | 2576 ||| PLANNING OKAWARU WORSHIP
  2665 | Temple   | Became a worshipper of Warmaster Okawaru
  2665 | Temple   | 2665 ||| PLANNING D:1-11
  2792 | D:4      | Reached XP level 6. HP: 43/52 MP: 5/5
  3464 | D:4      | 3464 ||| UPGRADING to +0 cloak of poison resistance.
  3469 | D:4      | 3469 ||| UPGRADING to ring of willpower.
  3470 | D:4      | 3470 ||| DROPPING +6 ring of intelligence.
  3471 | D:4      | 3471 ||| READING 2 scrolls labelled OMUVUCRYZXU.
  3472 | D:4      | 3472 ||| READING scroll of enchant armour.
  3472 | D:4      | 3472 ||| ENCHANTING +0 pair of gloves.
  3473 | D:4      | 3473 ||| READING 4 scrolls of identify.
  3473 | D:4      | 3473 ||| IDENTIFYING fuming yellow potion
  3474 | D:4      | 3474 ||| READING 3 scrolls of identify.
  3474 | D:4      | 3474 ||| IDENTIFYING sedimented emerald potion
  3475 | D:4      | 3475 ||| DROPPING potion of lignification.
  3478 | D:5      | Entered Level 5 of the Dungeon
  3722 | D:5      | Found Xaruc's Distillery.
  3728 | D:5      | 3728 ||| BUYING potion of heal wounds (70 gold).
  3728 | D:5      | Bought a potion of heal wounds for 70 gold pieces
  3728 | D:5      | 3728 ||| SHOPLISTING potion of magic (112 gold, have 53).
  3728 | D:5      | 3728 ||| SHOPLISTING potion of resistance (140 gold, have
                  | 53).
  3762 | D:5      | HP: 10/52 [ogre/+0 giant spiked club (35)]
  3763 | D:5      | 3763 ||| DRINKING potion of heal wounds.
  3768 | D:5      | Reached * piety under Okawaru
  3769 | D:5      | Reached skill level 8 in Ranged Weapons
  4033 | D:5      | 4033 ||| INVOKING Heroism.
  4033 | D:5      | Noticed Pikel
  4048 | D:5      | HP: 9/52 [Pikel/+2 whip of freezing (5)]
  4049 | D:5      | 4049 ||| DRINKING potion of heal wounds.
  4053 | D:5      | HP: 3/52 [Pikel/+2 whip of freezing (8)]
  4053 | D:5      | Slain by Pikel

Levels and vault maps discovered:
D:1:      dpeg_arrival_connections, layout_loops_ring,
          dilly_ecumenical_altar_fadedgnrine, minmay_pentomino_s4
D:2:      layout_loops_ring
D:3:      layout_loops_ring, guppyfry_early_lair_pool, uniq_sigmund
D:4:      layout_loops_ring, minmay_temple_entry_grid,
          hangedman_decor_clover_reticule
D:5:      layout_loops_ring, grunt_dithmenos_shadows, serial_shops, shop,
          uniq_pikel
Temple:   nicolae_temple_superstar

Skill      XL: |  1  2  3  4  5  6 |
---------------+-------------------+-----
Ranged Weapons | 5 7 8 |  8.2
Fighting       | 3 4 |  4.2
Armour         | 1 2 |  2.2
Dodging        | |  2.1
Stealth        | |  0.7

Action                     |  1- 3 |  4- 6 || total
---------------------------+-------+-------++-------
   Fire: Shortbow          |   137 |   174 ||   311
 Invoke: Heroism           |       |     1 ||     1
    Use: Scroll            |     8 |     4 ||    12
         Potion            |     4 |     3 ||     7
 Armour: Leather armour    |     5 |       ||     5
         Ring mail         |    16 |    25 ||    41
  Dodge: Dodged            |    35 |    54 ||    89

Table legend:
 A = Non-vault XP
 B = Vault XP
 C = Vault XP percentage of total XP
 D = Non-vault monster count
 E = Vault monster count
 F = Vault count percentage of total count
                 A         B        C        D         E       F
            +---------+---------+-------+---------+---------+-------
      Total |     514 |     204 |  28.4 |      65 |       5 |   7.1
            +---------+---------+-------+---------+---------+-------
        D:1 |      29 |       6 |  17.1 |      18 |       4 |  18.2
        D:2 |      45 |       0 |   0.0 |      14 |       0 |   0.0
        D:3 |      30 |     198 |  86.8 |      13 |       1 |   7.1
        D:4 |     251 |       0 |   0.0 |      18 |       0 |   0.0
        D:5 |     159 |       0 |   0.0 |       2 |       0 |   0.0
            +---------+---------+-------+---------+---------+-------
